 Dungeon Crawl Stone Soup version 0.31.0-11-ge490571c62 (webtiles) character file.

Game seed: 11378083334095948937

55 qw the Shooter (level 3, -5/18 HPs)
             Began as a Spriggan Hunter on Feb 3, 2024.
             Killed by divine providence
             ... invoked by an orc priest
              (12 damage)
             ... on level 3 of the Dungeon.
             The game lasted 00:00:03 (744 turns).

qw the Shooter (Spriggan Hunter)                     Turns: 744, Time: 00:00:03

Health: -5/18      AC:  2    Str:  7    XL:     3   Next: 67%
Magic:  4/4        EV: 19    Int: 10    God:
Gold:   45         SH:  0    Dex: 20    Spells: 2/2 levels left

rFire   . . .        a - +1 shortbow
rCold   . . .        (shield currently unavailable)
rNeg    . . .        c - +0 robe
rPois   .            (helmet restricted)
rElec   .            (no cloak)
rCorr   .            (gloves unavailable)
SInv    +            (boots unavailable)
Will    .....        (no amulet)
Stlth   ++           (no ring)
HPRegen 0.23/turn    (no ring)
MPRegen 0.09/turn

%: no passive effects
@: very quick
A: very small, no large weapons, unfitting armour, see invisible, speed 3
a: no special abilities


You were on level 3 of the Dungeon.
You visited 1 branch of the dungeon, and saw 3 of its levels.

You collected 45 gold pieces.


Innate Abilities, Weirdness & Mutations

You are very small and have problems with some larger weapons.
You are too small for most types of armour.
You have supernaturally acute eyesight. (SInv)
You cover ground extremely quickly. (Speed+++)


   Skills:
 - Level 1.5 Fighting
 + Level 4.9 Ranged Weapons
 - Level 4.0 Dodging
 - Level 1.5 Stealth


You had 2 spell levels left.
You didn't know any spells.
Your spell library was empty.

Inventory:

Hand Weapons
 a - a +1 shortbow (weapon)
Armour
 c - a +0 robe (worn)
Scrolls
 d - a scroll of teleportation
Potions
 b - a potion of curing {unknown}
 e - 2 potions of mutation {unknown}
 f - a potion of berserk rage {unknown}
 h - a potion of enlightenment
 i - a potion of might {unknown}

Dungeon Overview and Level Annotations

Branches:
Dungeon (3/15)

Altars:


Message History

e - 2 sedimented blue potions A ball python comes into view.
You shoot an arrow.
The arrow barely misses the ball python.
The ball python hisses angrily.
You shoot an arrow. The arrow hits the ball python.
The ball python is severely wounded.
You shoot an arrow. The arrow hits the ball python.
You kill the ball python!
f - a yellow potion An orc comes into view.
It is wielding a +0 mace.
Found a purple potion.
Enter note: You shoot an arrow.
The arrow hits the orc.
The orc shouts!
The orc is almost dead.
An orc comes into view. It is wielding a +0 morningstar.
An adder comes into view.
The adder moves out of view.
You shoot an arrow. The arrow barely misses the orc.
The orc shouts!
You shoot an arrow. The arrow hits the orc.
You kill the orc!
A quokka comes into view.
An orc priest comes into view. It is wielding a +0 club.
You shoot an arrow. The orc priest shouts!
The arrow hits the orc.
The orc is heavily wounded.
The orc priest invokes the aid of Beogh against you.
Beogh smites you!
Ouch! That really hurt!
You shoot an arrow. The arrow hits the adder.
The adder is heavily wounded.
You shoot an arrow. The arrow hits the adder.
The adder is almost dead.
The orc priest mumbles some strange prayers to Beogh against you.
Beogh smites you!
Ouch! That really hurt!
You die...

#.# #.# ......
##.####.####.#..
#..............#
#..###.........#
#########....#..........
...........#...........#
####.#.#..###.........#
####.#.#....>.).......#
#.....@#..............#
#.##.#S##.#####...#####
#.#.##.# #...# # # .o.
.# #.%.# .r. ## #...#
##..# #...# #.o# .....
.#!. ....##


You could see an orc priest, an adder, an orc and a quokka.

Vanquished Creatures
  An adder (D:2)
  A dart slug (D:1)
  2 orcs (D:3)
  6 bats
  2 endoplasms (D:2)
  4 hobgoblins
  4 jackals (D:3)
  2 quokkas (D:1)
  6 ball pythons
  A frilled lizard (D:2)
  5 goblins
  A kobold (D:2)
  4 rats
39 creatures vanquished.

Notes
Turn   | Place    | Note
-------+----------+-------------------------------------------
     0 | D:1      | qw the Spriggan Hunter began the quest for the Orb.
     0 | D:1      | Reached XP level 1. HP: 10/10 MP: 2/2
     0 | D:1      | 0 ||| qw: Version: 0.3-a-157-g843a77d
     0 | D:1      | 0 ||| qw: Game counter: 3860
     0 | D:1      | 0 ||| qw: Melee chars always use a shield: true
     0 | D:1      | 0 ||| qw: God list: Okawaru
     0 | D:1      | 0 ||| qw: Allow faded altars: false
     0 | D:1      | 0 ||| qw: Do Orc after clearing Dungeon:15 true
     0 | D:1      | 0 ||| qw: Do second Lair branch before Depths: true
     0 | D:1      | 0 ||| qw: Lair rune preference: random
     0 | D:1      | 0 ||| qw: Goals: Normal
     0 | D:1      | 0 ||| PLANNING D:1-11
    62 | D:1      | Reached skill level 3 in Dodging
   115 | D:1      | Found a faded altar of an unknown god.
   143 | D:1      | Reached XP level 2. HP: 9/14 MP: 3/3
   462 | D:1      | You fall into a shaft and drop 1 floor!
   470 | D:2      | Reached XP level 3. HP: 18/18 MP: 4/4
   629 | D:2      | 629 ||| DROPPING ring of flight.
   630 | D:2      | 630 ||| READING 2 scrolls labelled SOELUCVA GEGG.
   635 | D:2      | 635 ||| READING scroll labelled PUUSHR ZYEGHE.
   635 | D:2      | 635 ||| ENCHANTING +0 shortbow.
   636 | D:2      | 636 ||| READING scroll labelled QEOROSMAINN.
   636 | D:2      | 636 ||| IDENTIFYING fuming blue potion
   637 | D:2      | 637 ||| DROPPING scroll of butterflies.
   638 | D:2      | 638 ||| Stepping randomly (stuck).
   639 | D:2      | 639 ||| Stepping randomly (stuck).
   640 | D:2      | 640 ||| Stepping randomly (stuck).
   652 | D:2      | 652 ||| Stepping randomly (stuck).
   653 | D:2      | 653 ||| Stepping randomly (stuck).
   654 | D:2      | 654 ||| Stepping randomly (stuck).
   655 | D:2      | 655 ||| Stepping randomly (stuck).
   744 | D:3      | Killed from afar by an orc priest

Levels and vault maps discovered:
D:1:      minmay_arrival_nine_rooms, layout_basic,
          dreamdust_ecumenical_altar_statues
D:2:      cheibrodos_pilgrimage, layout_loops_ring
D:3:      layout_loops_cross

Skill      XL: |  1  2 |
---------------+-------+-----
Dodging        | 3 4 |  4.0
Fighting       | |  1.5
Ranged Weapons | |  4.9
Stealth        | |  1.5

Action                     || total
---------------------------++-------
   Fire: Shortbow          ||   100
    Use: Scroll            ||     3
 Armour: Robe              ||    10
  Dodge: Dodged            ||    28

Table legend:
 A = Non-vault XP
 B = Vault XP
 C = Vault XP percentage of total XP
 D = Non-vault monster count
 E = Vault monster count
 F = Vault count percentage of total count
                 A         B        C        D         E       F
            +---------+---------+-------+---------+---------+-------
      Total |      79 |       0 |   0.0 |      39 |       0 |   0.0
            +---------+---------+-------+---------+---------+-------
        D:1 |      28 |       0 |   0.0 |      17 |       0 |   0.0
        D:2 |      28 |       0 |   0.0 |      11 |       0 |   0.0
        D:3 |      23 |       0 |   0.0 |      11 |       0 |   0.0
            +---------+---------+-------+---------+---------+-------
